 Dungeon Crawl Stone Soup version 0.28.0-53-g5a82cb258f (webtiles) character file.

Game seed: 14999840732037636853

18 Zeld the Chopper (level 2, -1/27 HPs)
             Began as a Minotaur Berserker on June 9, 2022.
             Was a Follower of Trog.
             Slain by a kobold
             ... wielding a +2 dagger of distortion
              (11 damage)
             ... on level 2 of the Dungeon.
             The game lasted 00:00:48 (1134 turns).

Zeld the Chopper (Minotaur Berserker)               Turns: 1134, Time: 00:00:48

Health: -1/27      AC: 11    Str: 21    XL:     2   Next: 48%
Magic:  1/1        EV:  6    Int:  4    God:    Trog [*.....]
Gold:   55         SH:  0    Dex:  9    Spells: 1/1 levels left

rFire   . . .      SeeInvis .   a - +0 hand axe
rCold   . . .      Faith    .   (no shield)
rNeg    . . .      Spirit   .   b - +0 plate armour
rPois   .          Reflect  .   (helmet restricted)
rElec   .          Harm     .   (no cloak)
rCorr   .          Rampage  .   (no gloves)
Will    .....                   (no boots)
Stlth   ..........              (no amulet)
HPRegen 0.09/turn               (no ring)
MPRegen 0.07/turn               (no ring)

@: no status effects
A: horns 2, retaliatory headbutt
a: Renounce Religion, Berserk


You were on level 2 of the Dungeon.
You worshipped Trog.
Trog was aware of your devotion.
You visited 1 branch of the dungeon, and saw 2 of its levels.

You collected 55 gold pieces.

Inventory:

Hand Weapons
 a - a +0 hand axe (weapon)
Armour
 b - a +0 plate armour (worn)
Scrolls
 c - a scroll of noise {unknown}
 f - a scroll of identify {unknown}
 g - a scroll of teleportation {unknown}
Potions
 d - a potion of flight {unknown}
 e - a potion of haste {unknown}
 h - a potion of magic {unknown}


   Skills:
 + Level 3.8 Fighting
 * Level 4.1 Axes
 + Level 2.7 Armour
 + Level 2.4 Dodging


You had one spell level left.
You didn't know any spells.
Your spell library was empty.

Dungeon Overview and Level Annotations

Branches:
Dungeon (2/15)

Altars:


Innate Abilities, Weirdness & Mutations

You have a pair of horns on your head.
You reflexively headbutt those who attack you in melee.


Message History

The rat barely misses you.
The giant cockroach bites you but does no damage.
You barely miss the giant cockroach.
The hobgoblin shouts!
You hit the rat.
You kill the rat!
Trog accepts your kill.
The rat twitches its whiskers.
The giant cockroach bites you but does no damage.
You hit the giant cockroach.
The giant cockroach is moderately wounded.
You hit the rat.
You kill the rat!
Trog accepts your kill.
An adder comes into view.
The giant cockroach bites you.
The adder hisses angrily.
You hit the giant cockroach.
You kill the giant cockroach!
Trog accepts your kill.
You barely miss the endoplasm. The endoplasm barely misses you.
The endoplasm freezes you.
You are frozen.
You barely miss the kobold. Your headbutt misses the kobold.
You hit the endoplasm. The kobold hits you but does no damage.
Space warps around you. The endoplasm freezes you.
You are frozen.
The hobgoblin hits you.
Unknown command.
You are too injured to fight recklessly!
Unknown command.
You are too injured to fight recklessly!
You closely miss the kobold. You hit the hobgoblin.
You completely miss the endoplasm.
The kobold hits you with a +2 dagger of distortion.
The hobgoblin barely misses you. The endoplasm freezes you.
You are frozen.
The kobold hits you but does no damage. Space warps horribly around you!
You die...

#...# #...# #?..#
#..># ####...#####
##..........##
#..##........##
#.###.@J†...... #.#
#.K.......# # #.#
#...g.....# #. #.#
#..S......# #.##.#
#.........#
.###..#.####.......##
.....................
#..##.#.###..........
... #.#.# #..........


You could see an adder, an endoplasm, a hobgoblin and a kobold.

Vanquished Creatures
  2 endoplasms (D:1)
  3 giant cockroaches (D:2)
  3 hobgoblins (D:1)
  A quokka (D:1)
  A ball python (D:1)
  A bat (D:1)
  4 kobolds
  2 rats (D:2)
17 creatures vanquished.

Notes
Turn   | Place    | Note
-------+----------+-------------------------------------------
     0 | D:1      | Zeld the Minotaur Berserker began the quest for the Orb.
     0 | D:1      | Reached XP level 1. HP: 19/19 MP: 0/0
   674 | D:1      | Reached XP level 2. HP: 24/27 MP: 1/1
   829 | D:1      | Reached skill level 4 in Axes
  1023 | D:1      | Found a faded altar of an unknown god.
  1134 | D:2      | Slain by a kobold

Illustrated notes

Levels and vault maps discovered:
D:1:      dpeg_arrival_round_b, layout_basic,
          shapermc_ecumenical_altar_mp_vishouse
D:2:      layout_rooms

Skill      XL: |  1  2 |
---------------+-------+-----
Axes           | 4 |  4.1
Fighting       | |  3.8
Armour         | |  2.7
Dodging        | |  2.4

Action                   || total
-------------------------++-------
Melee: Hand axe          ||    43
       Headbutt          ||     4
Armor: Plate armour      ||    29
       Animal skin       ||     4
Dodge: Dodged            ||     8
